 Dungeon Crawl Stone Soup version 0.27.0-1-g7a089689b8 (webtiles) character file.

Game seed: 15403761622514262798

87 Crownlay the Sneak (level 4, -9/29 HPs)
             Began as an Octopode Brigand on Aug 12, 2021.
             Mangled by a phantom (10 damage)
             ... on level 3 of the Dungeon.
             The game lasted 00:02:47 (1938 turns).

Crownlay the Sneak (Octopode Brigand)               Turns: 1938, Time: 00:02:47

Health: -9/29      AC:  1    Str: 10    XL:     4   Next: 51%
Magic:  4/4        EV: 12    Int: 19    God:
Gold:   106        SH:  0    Dex: 14    Spells: 3/3 levels left

rFire    . . .     SeeInvis .   a - +2 dagger
rCold    . . .     Faith    .   (no shield)
rNeg     . . .     Spirit   .   (helmet restricted)
rPois    .         Reflect  .   (no amulet)
rElec    .         Harm     .   i - +6 ring of intelligence
rCorr    .         Rampage  .   (no ring)
Will     .....                  (no ring)
Stlth    +++++.....             (no ring)
HPRegen  0.09/turn              (no ring)
MPRegen  0.09/turn              (no ring)
                                (no ring)
                                (no ring)

@: no status effects
A: almost no armour, amphibious, 8 rings, camouflage 1, gelatinous body 1,
(nimble swimmer 1), tentacles
a: no special abilities


You were on level 3 of the Dungeon.
You visited 1 branch of the dungeon, and saw 4 of its levels.

You collected 106 gold pieces.

Inventory:

Hand Weapons
 a - a +2 dagger (weapon)
Missiles
 b - 23 poisoned darts (quivered)
 c - 2 curare-tipped darts
Armour
 o - a +0 buckler
Jewellery
 i - a +6 ring of intelligence (left tentacle)
Scrolls
 e - a scroll of enchant weapon {unknown}
 f - a scroll of blinking {unknown}
 g - 2 scrolls of fear {unknown}
 j - a scroll of teleportation {unknown}
 k - a scroll of silence {unknown}
 l - 2 scrolls of identify {unknown}
 n - a scroll of magic mapping {unknown}
Potions
 d - 2 potions of mutation {unknown}
 h - a potion of brilliance {unknown}
 m - a potion of cancellation {unknown}
 p - a potion of flight {unknown}


   Skills:
 - Level 2.0 Fighting
 - Level 2.0 Short Blades
 - Level 2.0 Throwing
 - Level 1.0 Dodging
 + Level 7.8 Stealth
 * Level 1.1 Shields


You had 3 spell levels left.
You didn't know any spells.
Your spell library was empty.

Dungeon Overview and Level Annotations

Branches:
Dungeon (4/15)
 Temple: D:4-7

Altars:


Innate Abilities, Weirdness & Mutations

You cannot wear most types of armour.
You are amphibious.
You can wear up to eight rings at the same time.
Your skin changes colour to match your surroundings (Stealth+).
Your rubbery body absorbs attacks. (AC +1, EV +1)
((You are camouflaged near water. (Stealth+)))
You have tentacles for arms and can constrict up to eight enemies at once.


Message History

g - 2 scrolls labelled WIESEW IMPUIMET (gained 1)
You open the door.
There is an open door here.
A phantom comes into view.
You hit the phantom.
The phantom is lightly damaged.
The phantom hits you.
The phantom blinks!
You blink.
You hit the phantom but do no damage.
The phantom is lightly damaged.
You miss the phantom. You squeeze the phantom!
The phantom is moderately damaged.
The phantom hits you!
You miss the phantom.
The phantom is moderately damaged.
The phantom barely misses you.
You closely miss the phantom.
The phantom is moderately damaged.
The phantom barely misses you.
You hit the phantom.
The phantom is heavily damaged.
The phantom hits you.
The phantom blinks!
You blink.
You are too injured to fight recklessly!
You are too injured to fight recklessly!
You are too injured to fight recklessly!
You are too injured to fight recklessly!
You are too injured to fight recklessly!
You are too injured to fight recklessly!
You are too injured to fight recklessly!
You are too injured to fight recklessly!
You hit the phantom.
The phantom is heavily damaged.
The phantom hits you!
* * * LOW HITPOINT WARNING * * *
The phantom blinks!
You blink.
You hit the plant but do no damage. You grab the plant.
The plant begins to die.
You constrict the plant. The phantom hits you.
* * * LOW HITPOINT WARNING * * *
The phantom blinks!
You blink.
You lose your grip on the plant.
The phantom hits you!
You die...

#.#. #.#. #.#. ########## #.#.
#########........# ### #.#.
#................#####.######.#.
#.#############@............#.#.
#..#... .P #.W##...)....#.#.#.
##..#.#.#.#.#.#............#.#.#.
....P.P.......P§.................
#...#.#.#.#.#.#§........####.#...
....#... .P.#.........# #.#...
....#.#.# #.#.#.........####.#...
....PP..PPP.........§............
....#.#.#. #.#....#.##.####.....


You could see a phantom.

Vanquished Creatures
  Terence (D:3)
  An adder (D:2)
  2 dart slugs
  3 endoplasms
  2 giant cockroaches
  7 goblins
  4 hobgoblins
  4 jackals (D:3)
  2 quokkas (D:2)
  6 ball pythons
  4 bats (D:2)
  2 frilled lizards
  5 kobolds
  4 rats
47 creatures vanquished.

Notes
Turn   | Place    | Note
-------+----------+-------------------------------------------
     0 | D:1      | Crownlay the Octopode Brigand began the quest for the Orb.
     0 | D:1      | Reached XP level 1. HP: 14/14 MP: 1/1
   461 | D:1      | Reached XP level 2. HP: 19/19 MP: 2/2
   555 | D:2      | Reached skill level 6 in Stealth
   656 | D:2      | Reached XP level 3. HP: 24/24 MP: 3/3
   768 | D:2      | Reached skill level 7 in Stealth
  1194 | D:3      | You fall into a shaft and drop 1 floor!
  1369 | D:3      | Reached XP level 4. HP: 29/29 MP: 4/4
  1583 | D:3      | Noticed Terence
  1601 | D:3      | Killed Terence
  1602 | D:3      | Reached skill level 1 in Shields
  1927 | D:3      | Noticed a phantom
  1937 | D:3      | HP: 1/29 [phantom (5)]
  1938 | D:3      | Mangled by a phantom

Illustrated notes

Levels and vault maps discovered:
D:1:      dpeg_arrival_pits, layout_rooms
D:2:      layout_rooms
D:3:      layout_basic, shapermc_ecumenical_altar_mp_urbaneastern,
          corexii_leaking_fountain, uniq_terence
D:4:      layout_layer_cave, lemuel_coloured_pillars_altar,
          okawaru_metal_pillars_3, temple_statues, minmay_ruined_shrine

Skill      XL: |  1  2  3  4 |
---------------+-------------+-----
Stealth        | 6 7 |  7.8
Shields        | 1 |  1.1
Fighting       | |  2.0
Short Blades   | |  2.0
Throwing       | |  2.0
Dodging        | |  1.0

Action                   |  1- 3 |  4- 6 || total
-------------------------+-------+-------++-------
Melee: Dagger            |    58 |    24 ||    82
       Constrict         |    13 |     5 ||    18
       Tentacles         |     9 |     4 ||    13
 Stab: Sleeping          |    16 |     3 ||    19
Dodge: Dodged            |    21 |     7 ||    28
